Map: Ruinas de Endión

Players

xXkazperXx

  • Race: Zerg Zerg
  • League: Bronze

Trites - Winner!

  • Race: Zerg Zerg

VOD

Have the link to the VOD?

Description

Time

  • Played on: April 8, 2016, 5:52 p.m.
  • Length: 9:53
Show
View Real Time Build Order
Export as new Build Order

xXkazperXx Zerg 

Build Orders: Pool First 

Get SALT Encoding   

  12  0:01  Drone  
  13  0:14  Drone  
  14  0:22  Overlord  
  14  0:34  Spawning Pool  
  13  0:45  Extractor  
  15  0:57  Drone x3  
  15  1:08  Drone  
  16  1:21  Queen  
  16  1:22  Zergling x2  
  19  1:32  Zergling x2  
  20  1:42  Drone  
  21  1:54  Hatchery  
  20  2:05  Lair  
  20  2:13  Drone x2  
  20  2:14  Overlord  
  22  3:12  Drone  
  22  3:25  Spire  
  21  3:37  Zergling x8  
  21  3:41  Drone x3  
  28  3:48  Metabolic Boost  
  28  3:49  Roach Warren  
  27  3:55  Extractor  
  26  4:08  Overlord  
  26  4:30  Roach x5  
  36  4:40  Drone  
  36  4:41  Drone x2  
  34  5:08  Mutalisk  
  36  5:22  Zergling x4  
  36  5:27  Mutalisk  
  40  5:54  Mutalisk  
  42  5:58  Drone x2  
  42  6:01  Extractor  
  42  6:04  Extractor, Drone  
  44  6:05  Drone  
  44  6:06  Overlord  
  44  6:07  Overlord x2  
  44  7:17  Mutalisk x3  
  46  7:48  Mutalisk x2  
  46  7:50  Mutalisk  
  46  7:51  Corruptor  
  46  8:13  Overlord x3  
  41  8:29  Drone x3  
  31  8:53  Corruptor x2  
  35  8:55  Corruptor  
  30  9:20  Hatchery  
Show
View Real Time Build Order
Export as new Build Order

Trites Zerg - Winner!

Build Orders: Pool First 

Get SALT Encoding   

  12  0:01  Drone  
  13  0:07  Drone  
  14  0:17  Overlord  
  14  0:27  Extractor, Drone  
  14  0:38  Drone x2  
  16  0:45  Drone  
  17  0:58  Spawning Pool  
  17  1:00  Drone  
  17  1:17  Drone  
  17  1:18  Drone  
  19  1:28  Drone  
  20  1:44  Extractor, Hatchery, Drone  
  19  1:48  Queen  
  21  1:58  Overlord  
  21  2:03  Zergling x2  
  22  2:16  Overlord  
  22  2:52  Roach Warren  
  22  2:53  Lair  
  22  2:55  Metabolic Boost  
  21  3:02  Drone x3  
  21  3:04  Drone  
  24  3:16  Zergling x2  
  25  3:28  Drone x2  
  27  3:37  Drone  
  27  3:38  Queen  
  30  3:44  Roach x2  
  34  3:51  Glial Reconstitution  
  34  3:58  Roach  
  34  3:59  Roach  
  34  4:02  Drone x3  
  41  4:22  Drone  
  41  4:23  Drone  
  43  4:25  Overlord x2  
  43  4:34  Extractor, Drone  
  43  4:44  Ravager x2  
  43  5:09  Drone x2  
  43  5:10  Drone x3  
  43  5:13  Roach x3  
  54  5:19  Spire  
  54  5:20  Drone  
  54  5:23  Queen  
  54  5:25  Queen  
  58  5:28  Overlord  
  58  5:31  Drone  
  59  5:50  Roach x2  
  59  5:57  Drone x3  
  66  6:05  Drone x2  
  66  6:11  Overlord  
  68  6:32  Mutalisk  
  68  6:33  Mutalisk x3  
  68  6:36  Overlord  
  76  6:40  Extractor  
  74  6:55  Mutalisk x2  
  74  6:56  Mutalisk x2  
  75  7:48  Ravager x2  
  61  8:13  Roach  
  61  8:14  Mutalisk  
  61  8:15  Mutalisk  
  61  8:16  Mutalisk  
  61  8:17  Mutalisk x2  
  67  8:37  Roach x2  
  67  8:38  Mutalisk  
  63  8:56  Mutalisk x2  
  65  9:22  Mutalisk x2  
  69  9:25  Roach x3  
Tags
 
Add a new tag
Caveats
  • Supply blocks, unpowered buildings, or Contaminate may cause inaccurate times.
  • Supply counts are checked every 10 seconds.